 Dungeon Crawl Stone Soup version 0.24.1-14-gf8d2b509d9 (webtiles) character file.

Game seed: 8277571890707023854, levelgen mode: deterministic

85 KlarStein the Skirmisher (level 4, 0/35 HPs)
             Began as a Demonspawn Fighter on July 10, 2020.
             Succumbed to an adder's poison
             ... on level 3 of the Dungeon.
             The game lasted 00:07:18 (1907 turns).

KlarStein the Skirmisher (Demonspawn Fighter)       Turns: 1907, Time: 00:07:19

Health: 0/35       AC:  6    Str: 22 (23) XL:     4   Next: 25%
Magic:  4/4        EV:  7    Int:  6 (9)  God:
Gold:   74         SH:  9    Dex: 10 (12) Spells: 3/3 levels left

rFire    . . .     SeeInvis .   a - +1 long sword
rCold    . . .     Gourm    .   c - +0 shield
rNeg     . . .     Faith    .   b - +0 scale mail
rPois    .         Spirit   .   (helmet restricted)
rElec    .         Reflect  .   (no cloak)
rCorr    .         Harm     .   (no gloves)
MR       .....                  (no boots)
Stlth    ..........             (no amulet)
HPRegen  0.11/turn              (no ring)
MPRegen  0.09/turn              (no ring)

@: mighty, lethally poisoned (0 -> -5)
A: antennae 1, rot immunity, sturdy frame 1
a: no special abilities


You were on level 3 of the Dungeon.
You were not hungry.

You visited 1 branch of the dungeon, and saw 3 of its levels.

You collected 74 gold pieces.

Inventory:

Hand Weapons
 a - a +1 long sword (weapon)
 h - a +2 vampiric whip
Armour
 b - a +0 scale mail (worn)
 c - a +0 shield (worn)
Jewellery
 g - an uncursed ring of protection from fire {unknown}
 m - an uncursed ring of poison resistance {unknown}
 n - an uncursed amulet of faith {unknown}
Wands
 r - a wand of disintegration (7)
Scrolls
 k - a scroll of noise
Potions
 o - 2 potions of cancellation
Comestibles
 f - 5 rations
 q - 2 chunks of flesh


   Skills:
 + Level 3.5 Fighting
 * Level 2.9 Long Blades
 + Level 3.1 Armour
 + Level 3.1 Shields


You had 3 spell levels left.
You didn't know any spells.
Your spell library was empty.

Dungeon Overview and Level Annotations

Branches:
Dungeon (3/15)

Altars:


Innate Abilities, Weirdness & Mutations

You have a pair of small antennae on your head.
You are immune to rotting.
Your movements are slightly less encumbered by armour. (ER -2)


Message History

* * * LOW HITPOINT WARNING * * *
You feel sick. The adder barely misses you. You block the adder's attack.
You miss the adder.
* * * LOW HITPOINT WARNING * * *
You feel sick. The adder bites you but does no damage.
You block the adder's attack.
An orc and an orc wizard come into view.
The orc wizard shouts!
You slash the adder!
You kill the adder!
* * * LOW HITPOINT WARNING * * *
You feel sick. The orc hits you but does no damage.
The orc wizard moves out of view.
You closely miss the orc.
* * * LOW HITPOINT WARNING * * *
You feel sick. You block the orc's attack.
You slash the orc!
You kill the orc!
An orc comes into view. It is wielding a +0 flail.
You die...

.### # .# ...#. .# .# .....
###.# .# # #....###... .#
.# #. #...#...# .# .K#
#.##.......######.#...#
####..#...#÷#..(@..#.....#
..##....(#.######.o.....#
##.#........#...>(...o.....
≈≈≈#..........#######......
#§........#...# .o..#>
#........###.# ...#
#........# .# .###
#.....#### # . ##.......#
o#


You could see an orc wizard and 2 orcs.

Vanquished Creatures
  2 gnolls
  2 adders (D:3)
  A dart slug (D:1)
  A leopard gecko (D:3)
  3 orcs (D:3)
  4 bats (D:1)
  A giant cockroach (D:1)
  6 goblins
  5 hobgoblins (D:1)
  A quokka (D:3)
  6 frilled lizards
  7 kobolds
  4 rats (D:1)
43 creatures vanquished.

Notes
Turn   | Place    | Note
-------+----------+-------------------------------------------
     0 | D:1      | KlarStein the Demonspawn Fighter began the quest for the
                  | Orb.
     0 | D:1      | Reached XP level 1. HP: 18/18 MP: 1/1
   299 | D:1      | Gained mutation: Your movements are slightly less
                  | encumbered by armour. (ER -2) [demonic ancestry]
   299 | D:1      | Reached XP level 2. HP: 20/24 MP: 2/2
   975 | D:1      | Gained mutation: You have a pair of small antennae on your
                  | head. [demonic ancestry]
   975 | D:1      | Reached XP level 3. HP: 27/29 MP: 3/3
  1887 | D:3      | Gained mutation: You are immune to rotting. [demonic
                  | ancestry]
  1887 | D:3      | Reached XP level 4. HP: 20/35 MP: 4/4
  1905 | D:3      | HP: 1/35 [poisoned by an adder]
  1907 | D:3      | Succumbed to an adder's poison

Levels and vault maps discovered:
D:1:      ncdulo_lavacross, layout_basic, serial_co_window_serial,
          co_window_corner_a, co_window_paths_a, co_window_paths_b,
          co_window_cross_1, co_window_of_opportunity_a, co_window_paths_a,
          co_window_of_opportunity_a, co_window_broadway_c, co_window_cross_4,
          co_window_broadway_b, glass_columns_a, minmay_tetromino_i4
D:2:      layout_loops_ring, minmay_overflow_temple_star_quad, grunt_decor_cap
D:3:      layout_rooms, lightli_temple_of_fire, kennysheep_generic_room_2

Skill      XL: |  1  2  3 |
---------------+----------+-----
Long Blades    | 2 |  2.9
Armour         | 3 |  3.1
Shields        | 3 |  3.1
Fighting       | |  3.5

Action                   |  1- 3 |  4- 6 || total
-------------------------+-------+-------++-------
Melee: Long sword        |   141 |    12 ||   153
  Use: Scroll            |       |     5 ||     5
       Potion            |       |     2 ||     2
  Eat: Ration            |     1 |       ||     1
Armor: Scale mail        |    62 |     8 ||    70
Dodge: Dodged            |    53 |     4 ||    57
Block: Shield            |    77 |     8 ||    85
       Rpst.: Long sword |    17 |       ||    17
